Login

Tucson Roadrunners vs Bakersfield Condors

Created - 08 April 2024 at 23:08

Goals
1 2 3 T
Tucson Roadrunners 0 2 0 2
Bakersfield Condors 0 3 2 5
Shots
1 2 3 T
Tucson Roadrunners 7 10 7 24
Bakersfield Condors 5 11 12 28

GoalsPenalties
1st period
No Goal
No Penalty
2nd period
1. Bakersfield Condors , Noah Philp 3 (James Hamblin 9, Seth Griffith 5) at 5:51
2. Bakersfield Condors , Drake Caggiula 14 (Philip Kemp 4) at 6:23
3. Tucson Roadrunners , John Leonard 9 (Michael Carcone 11) at 11:39 (PP)
4. Bakersfield Condors , James Hamblin 7 (Seth Griffith 6) at 12:35
5. Tucson Roadrunners , Sakari Manninen 3 (Nathan Smith 11, Michael Kesselring 11) at 12:50
Dino Kambeitz (TUC) for Holding (Minor) at 0:41
Lane Pederson (BAK) for Slashing (Minor) at 11:38
3rd period
6. Bakersfield Condors , Ben Gleason 2 (James Hamblin 10, Olivier Rodrigue) at 14:27 (PP)
7. Bakersfield Condors , Ty Tullio 4 (Lane Pederson 9, Xavier Bourgault 9) at 15:28
Michael Carcone (TUC) for Holding (Minor) at 0:51
Raphael Lavoie (BAK) for Holding (Minor) at 11:48
Milos Kelemen (TUC) for Cross-checking (Minor) at 12:42
Markus Niemelainen (BAK) for Holding (Minor) at 15:50
Goalie Stats
Matthew Villalta (TUC), 23 saves from 28 shots - (0.821), L, 2-3-0, 60:00 minutes
Olivier Rodrigue (BAK), 22 saves from 24 shots - (0.917), W, 4-5-3, 60:00 minutes
3 StarsOfficial
1 - James Hamblin (BAK)
2 - Noah Philp (BAK)
3 - Philip Kemp (BAK)
Referees : Brad Meier and Gord Dwyer
Linesman : Matt Brady and Kyle Flemington
Game Note
No Game Note
Finance
Level 1 -- Attendance: 1751 (87.55%) -- Ticket Income $61,285
Level 2 -- Attendance: 879 (87.90%) -- Ticket Income $13,185
Total Attendance: 2630 (87.67%)
Total Ticket Income: $74,470
Other Income: $36,490
Total Income: $110,960



Team Name Goals Shots Shots Attemp Shots Blocked PIM HIT PP PK FO%
Tucson Roadrunners 2245676161 / 3 (33%)167%
Bakersfield Condors 52848156221 / 3 (33%)133%

Tucson Roadrunners
Player Name POS G A P +/- PIM HIT SHT SB MP PP MP PP SHT PK MP PK SHT FO% FOT GA TA
Ben McCartneyC000-100004:160:0000:0000% 100
Cameron CrottyD000-1001320:171:0701:3300% 000
Curtis DouglasC0000040013:470:0001:19075% 402
Dawson BarteauxD000-1000012:010:0000:0000% 000
Dino KambeitzRW000-2201017:191:2300:000100% 100
Joe CarrollLW000000000:430:0000:4300% 000
John LeonardLW1010013015:361:3110:511100% 101
Josh DoanRW0000000012:510:0000:000100% 110
Justin KirklandC000-2001017:361:2300:22075% 1220
Michael CarconeLW011-1224024:471:3101:18050% 211
Michael KesselringD011-1025027:421:4703:0500% 000
Milos KelemenLW000-3231020:171:2200:50050% 210
Montana OnyebuchiD000-1000012:010:0000:0000% 000
Nathan SmithC0110004123:291:3102:06063% 3200
Sakari ManninenRW1010012018:200:0000:000100% 111
Steven KampferD000-1010220:171:0701:3300% 003
Travis BarronLW000001005:130:0001:4700% 000
Vladislav KolyachonokD000-1012127:421:4713:0500% 000
Bakersfield Condors
Player Name POS G A P +/- PIM HIT SHT SB MP PP MP PP SHT PK MP PK SHT FO% FOT GA TA
Ben GleasonD1010011118:012:5811:2400% 001
Cam DineenD0003001122:451:4001:5500% 011
Carl BerglundC000000000:560:0000:3900% 000
Carter SavoieLW000000004:590:4200:0000% 100
Drake CaggiulaLW1011014120:441:4601:15050% 400
Eric WilliamsD0000001013:550:4000:0000% 000
Greg McKeggC0001020018:001:4600:00025% 1210
James HamblinLW1232035017:182:5001:10150% 200
Kyle MayhewD0000001420:380:0000:1300% 000
Lane PedersonC0110235022:122:0700:0000% 041
Markus NiemelainenD0000231222:312:1800:2400% 000
Noah PhilpLW1012022119:182:1001:39045% 1101
Philip KempD0113032222:091:4001:5200% 000
Raphael LavoieRW0001212019:452:2601:0500% 310
Seth GriffithRW0222000013:390:0000:0000% 011
Ty TullioRW1010002119:580:0500:00033% 300
Xavier BourgaultRW0110031219:100:0200:00033% 2101
Zach TsekosC000000000:000:0000:0000% 000

Tucson Roadrunners

5 vs 5 Forward
Line #Left WingCenterRight WingPHYDFOFWanted %Time %Time Play
1Michael CarconeNathan SmithSakari Manninen1224037%18:54
2Milos KelemenJustin KirklandDino Kambeitz1223031%15:45
3John LeonardCurtis DouglasJosh Doan1222024%12:28
4Milos KelemenBen McCartneyMichael Carcone122108%4:16
5 vs 5 Defense
Line #DefenseDefensePHYDFOFWanted %Time %Time Play
1Michael KesselringVladislav Kolyachonok1224038%19:26
2Cameron CrottySteven Kampfer1223034%17:23
3Montana OnyebuchiDawson Barteaux1222023%12:01
4Michael KesselringVladislav Kolyachonok122105%2:33
Power Play Forward
Line #Left WingCenterRight WingPHYDFOFWanted %Time %Time Play
1Michael CarconeNathan SmithJohn Leonard1226052%1:31
2Milos KelemenJustin KirklandDino Kambeitz1224048%1:23
Power Play Defense
Line #DefenseDefensePHYDFOFWanted %Time %Time Play
1Michael KesselringVladislav Kolyachonok1226061%1:47
2Cameron CrottySteven Kampfer1224039%1:07
Penalty Kill 4 Players Forward
Line #CenterWingPHYDFOFWanted %Time %Time Play
1Nathan SmithMichael Carcone1226083%3:50
2John LeonardMilos Kelemen1224017%0:48
Penalty Kill 4 Players Defense
Line #DefenseDefensePHYDFOFWanted %Time %Time Play
1Michael KesselringVladislav Kolyachonok1226067%3:05
2Cameron CrottySteven Kampfer1224033%1:33
Penalty Kill 3 Players
Line #WingPHYDFOFWanted %Time %Time PlayDefenseDefensePHYDFOFWanted %Time %Time Play
1Nathan Smith122600%0:00 Michael KesselringVladislav Kolyachonok122600%0:00
2Michael Carcone122400%0:00 Cameron CrottySteven Kampfer122400%0:00
4 vs 4 Forward
Line #CenterWingPHYDFOFWanted %Time %Time Play
1Nathan SmithMichael Carcone12260100%1:05
2Milos KelemenJohn Leonard122400%0:00
4 vs 4 Defense
Line #DefensePHYDFOFWanted %Time %Time Play
1Michael KesselringVladislav Kolyachonok1226078%60% - 0:51
2Cameron CrottySteven Kampfer1224022%40% - 0:14
Last Minutes Offensive
Left WingCenterRight WingDefenseDefense
Michael CarconeNathan SmithJohn LeonardMichael KesselringVladislav Kolyachonok
Last Minutes Defensive
Left WingCenterRight WingDefenseDefense
Michael CarconeNathan SmithJohn LeonardMichael KesselringVladislav Kolyachonok
Time
Total ForwardTotal DefenseLast Minutes OffensiveLast Minutes Defensive
60:00 60:00 0:000:00
Extra Forwards
Normal PowerPlayPenalty Kill
Nathan Smith, Michael Carcone, John LeonardNathan Smith, Michael CarconeNathan Smith
Extra Defensemen
Normal PowerPlayPenalty Kill
Steven Kampfer, Montana Onyebuchi, Dawson BarteauxSteven Kampfer, Steven KampferMontana Onyebuchi
Penalty Shots
Michael Carcone, Dino Kambeitz, John Leonard, Milos Kelemen, Nathan Smith
Goalie
Matthew Villalta, Strauss Mann
Custom OT Lines Forwards
Michael Carcone, Ben McCartney, John Leonard, Milos Kelemen, Nathan Smith, Sakari Manninen, Josh Doan, Dino Kambeitz, Curtis Douglas, Joe Carroll
Custom OT Lines Defensemen
Michael Kesselring, Vladislav Kolyachonok, Cameron Crotty, Steven Kampfer, Montana Onyebuchi
Scratches
Travis Dermott (Healthy), Tarun Fizer (Healthy), Jan Jenik (Healthy), Olli Juolevi (Healthy), Patrick Kudla (Healthy) Connor MacEachern (Healthy), Ryan McGregor (Healthy), Riley McKay (Healthy), Markus Nurmi (Healthy), Zach Sanford (Healthy) Ben Tardif (Healthy), Jake Wise (Healthy), Kenneth Appleby (Healthy), Christopher Gibson (Healthy)

Bakersfield Condors

5 vs 5 Forward
Line #Left WingCenterRight WingPHYDFOFWanted %Time %Time Play
1Ty TullioXavier BourgaultLane Pederson1224037%19:14
2Drake CaggiulaGreg McKeggRaphael Lavoie1223032%16:19
3James HamblinNoah PhilpSeth Griffith1222026%13:17
4Noah PhilpDrake CaggiulaLane Pederson122105%2:33
5 vs 5 Defense
Line #DefenseDefensePHYDFOFWanted %Time %Time Play
1Kyle MayhewMarkus Niemelainen1224040%20:36
2Philip KempCam Dineen1223029%14:41
3Ben GleasonEric Williams1222024%12:24
4Cam DineenPhilip Kemp122107%3:42
Power Play Forward
Line #Left WingCenterRight WingPHYDFOFWanted %Time %Time Play
1Lane PedersonNoah PhilpJames Hamblin1226062%2:52
2Drake CaggiulaGreg McKeggRaphael Lavoie1224038%1:46
Power Play Defense
Line #DefenseDefensePHYDFOFWanted %Time %Time Play
1Ben GleasonMarkus Niemelainen1226064%2:58
2Philip KempCam Dineen1224036%1:40
Penalty Kill 4 Players Forward
Line #CenterWingPHYDFOFWanted %Time %Time Play
1Raphael LavoieNoah Philp1226076%2:12
2Drake CaggiulaJames Hamblin1224024%0:42
Penalty Kill 4 Players Defense
Line #DefenseDefensePHYDFOFWanted %Time %Time Play
1Markus NiemelainenBen Gleason1226082%2:23
2Philip KempCam Dineen1224018%0:31
Penalty Kill 3 Players
Line #WingPHYDFOFWanted %Time %Time PlayDefenseDefensePHYDFOFWanted %Time %Time Play
1Drake Caggiula122600%0:00 Markus NiemelainenBen Gleason122600%0:00
2James Hamblin122400%0:00 Philip KempCam Dineen122400%0:00
4 vs 4 Forward
Line #CenterWingPHYDFOFWanted %Time %Time Play
1Noah PhilpRaphael Lavoie12260100%1:05
2Drake CaggiulaJames Hamblin122400%0:00
4 vs 4 Defense
Line #DefensePHYDFOFWanted %Time %Time Play
1Ben GleasonEric Williams1226078%60% - 0:51
2Philip KempCam Dineen1224022%40% - 0:14
Last Minutes Offensive
Left WingCenterRight WingDefenseDefense
James HamblinLane PedersonDrake CaggiulaMarkus NiemelainenCam Dineen
Last Minutes Defensive
Left WingCenterRight WingDefenseDefense
James HamblinLane PedersonDrake CaggiulaMarkus NiemelainenCam Dineen
Time
Total ForwardTotal DefenseLast Minutes OffensiveLast Minutes Defensive
60:00 60:00 0:000:00
Extra Forwards
Normal PowerPlayPenalty Kill
Ty Tullio, Carter Savoie, James HamblinTy Tullio, Carter SavoieJames Hamblin
Extra Defensemen
Normal PowerPlayPenalty Kill
Ben Gleason, Cam Dineen, Philip KempBen Gleason, Cam DineenPhilip Kemp
Penalty Shots
Noah Philp, Lane Pederson, Drake Caggiula, Raphael Lavoie, James Hamblin
Goalie
Olivier Rodrigue, Calvin Pickard
Custom OT Lines Forwards
Carter Savoie, Xavier Bourgault, Drake Caggiula, Ty Tullio, James Hamblin, Raphael Lavoie, Seth Griffith, Noah Philp, Lane Pederson, Greg McKegg
Custom OT Lines Defensemen
Markus Niemelainen, Kyle Mayhew, Philip Kemp, Cam Dineen, Ben Gleason
Scratches
Connor Brown (Left Foot Injury), Noel Hoefenmayer (Right Leg Injury), Ryan Fanti (Healthy)


Play-by-Play

1st period


0:01 of 1st period - Nathan Smith wins face-off versus Xavier Bourgault in neutral zone.
0:06 of 1st period - Slapshot by Michael Kesselring.
0:06 of 1st period - Stopped by Olivier Rodrigue with a rebound.
0:08 of 1st period - Snap shot by Vladislav Kolyachonok.
0:08 of 1st period - Shot Blocked by Markus Niemelainen.
0:10 of 1st period - Slapshot by Sakari Manninen.
0:10 of 1st period - Deflect By Michael Carcone.
0:10 of 1st period - Stopped by Olivier Rodrigue with a rebound.
0:51 of 1st period - Snap shot by Drake Caggiula.
0:51 of 1st period - Stopped by Matthew Villalta without a rebound.
0:52 of 1st period - Justin Kirkland wins face-off versus Greg McKegg in Tucson Roadrunners zone.
0:57 of 1st period - Wrist shot by Milos Kelemen.
0:57 of 1st period - Stopped by Olivier Rodrigue with a rebound.
0:59 of 1st period - Slapshot by Cameron Crotty.
0:59 of 1st period - Stopped by Olivier Rodrigue with a rebound.
1:19 of 1st period - Dino Kambeitz is hit by Philip Kemp and loses puck.
2:48 of 1st period - Icing by Vladislav Kolyachonok.
2:49 of 1st period - Curtis Douglas wins face-off versus Noah Philp in Tucson Roadrunners zone.
3:09 of 1st period - Off-side.
3:10 of 1st period - Nathan Smith wins face-off versus Xavier Bourgault in neutral zone.
3:41 of 1st period - Markus Niemelainen is hit by Michael Carcone and loses puck.
3:56 of 1st period - James Hamblin is hit by Michael Kesselring and loses puck.
4:19 of 1st period - Snap shot by Justin Kirkland.
4:19 of 1st period - Shot Blocked by Cam Dineen.
4:21 of 1st period - Snap shot by John Leonard.
4:21 of 1st period - Stopped by Olivier Rodrigue with a rebound.
4:23 of 1st period - Snap shot by Curtis Douglas.
4:23 of 1st period - Shot Blocked by Philip Kemp.
4:25 of 1st period - Slapshot by John Leonard.
4:25 of 1st period - Deflect By Curtis Douglas.
4:25 of 1st period - Shot Misses the Net.
4:25 of 1st period - Puck is out of play.
4:26 of 1st period - Curtis Douglas wins face-off versus Greg McKegg in Bakersfield Condors zone.
4:37 of 1st period - Snap shot by Raphael Lavoie.
4:37 of 1st period - Shot Misses the Net.
4:39 of 1st period - Wrist shot by Drake Caggiula.
4:39 of 1st period - Stopped by Matthew Villalta with a rebound.
5:17 of 1st period - Snap shot by Seth Griffith.
5:17 of 1st period - Shot Misses the Net.
5:55 of 1st period - Slapshot by Michael Kesselring.
5:55 of 1st period - Stopped by Olivier Rodrigue without a rebound.
5:56 of 1st period - Justin Kirkland wins face-off versus Xavier Bourgault in Bakersfield Condors zone.
5:59 of 1st period - Wrist shot by Justin Kirkland.
5:59 of 1st period - Shot Misses the Net.
6:01 of 1st period - Slapshot by Nathan Smith.
6:01 of 1st period - Shot Misses the Net.
6:03 of 1st period - Slapshot by Vladislav Kolyachonok.
6:03 of 1st period - Deflect By Justin Kirkland.
6:03 of 1st period - Shot Blocked by Ty Tullio.
6:03 of 1st period - Puck is out of play.
6:04 of 1st period - Drake Caggiula wins face-off versus Nathan Smith in Bakersfield Condors zone.
6:17 of 1st period - Wrist shot by Lane Pederson.
6:17 of 1st period - Shot Blocked by Vladislav Kolyachonok.
6:19 of 1st period - Slapshot by Markus Niemelainen.
6:19 of 1st period - Stopped by Matthew Villalta with a rebound.
6:55 of 1st period - Slapshot by Michael Kesselring.
6:55 of 1st period - Stopped by Olivier Rodrigue without a rebound.
6:56 of 1st period - Noah Philp wins face-off versus Nathan Smith in Bakersfield Condors zone.
7:22 of 1st period - Montana Onyebuchi is hit by Philip Kemp and loses puck.
7:47 of 1st period - Snap shot by Josh Doan.
7:47 of 1st period - Shot Misses the Net.
7:49 of 1st period - Snap shot by John Leonard.
7:49 of 1st period - Shot Misses the Net.
7:51 of 1st period - Wrist shot by John Leonard.
7:51 of 1st period - Shot Blocked by Drake Caggiula.
8:19 of 1st period - Wrist shot by Lane Pederson.
8:19 of 1st period - Shot Misses the Net.
8:21 of 1st period - Slapshot by Eric Williams.
8:21 of 1st period - Deflect By Milos Kelemen.
8:21 of 1st period - Stopped by Matthew Villalta with a rebound.
10:01 of 1st period - Ben Gleason is hit by Sakari Manninen and loses puck.
10:48 of 1st period - Dawson Barteaux is hit by Noah Philp.
11:40 of 1st period - Raphael Lavoie is hit by Curtis Douglas and loses puck.
11:47 of 1st period - Vladislav Kolyachonok is hit by Greg McKegg and loses puck.
12:19 of 1st period - Xavier Bourgault is hit by Travis Barron and loses puck.
12:54 of 1st period - Icing by Greg McKegg.
12:55 of 1st period - Greg McKegg wins face-off versus Justin Kirkland in Bakersfield Condors zone.
14:43 of 1st period - James Hamblin is hit by Milos Kelemen and loses puck.
16:09 of 1st period - James Hamblin is hit by Vladislav Kolyachonok and loses puck.
16:30 of 1st period - Drake Caggiula is hit by Milos Kelemen and loses puck.
18:30 of 1st period - Icing by Raphael Lavoie.
18:31 of 1st period - Justin Kirkland wins face-off versus Xavier Bourgault in Bakersfield Condors zone.
18:59 of 1st period - Icing by Michael Carcone.
19:00 of 1st period - Noah Philp wins face-off versus Nathan Smith in Tucson Roadrunners zone.
19:07 of 1st period - Wrist shot by James Hamblin.
19:07 of 1st period - Shot Misses the Net.
19:09 of 1st period - Slapshot by Noah Philp.
19:09 of 1st period - Shot Misses the Net.
19:21 of 1st period - Snap shot by Xavier Bourgault.
19:21 of 1st period - Stopped by Matthew Villalta with a rebound.
19:25 of 1st period - Slapshot by Xavier Bourgault.
19:25 of 1st period - Shot Misses the Net.
19:48 of 1st period - Slapshot by James Hamblin.
19:48 of 1st period - Shot Misses the Net.
Goals for this period are 0 for Tucson Roadrunners vs 0 for Bakersfield Condors.
Shots for this period are 7 for Tucson Roadrunners vs 5 for Bakersfield Condors.

2nd period


0:01 of 2nd period - Nathan Smith wins face-off versus Xavier Bourgault in neutral zone.
0:16 of 2nd period - Wrist shot by Xavier Bourgault.
0:16 of 2nd period - Shot Misses the Net.
0:23 of 2nd period - Icing by Nathan Smith.
0:24 of 2nd period - Justin Kirkland wins face-off versus Greg McKegg in Tucson Roadrunners zone.
0:24 of 2nd period - Justin Kirkland is hit by Drake Caggiula.
0:41 of 2nd period - Minor Penalty to Dino Kambeitz for Holding.
0:42 of 2nd period - Noah Philp wins face-off versus Nathan Smith in Tucson Roadrunners zone.
0:56 of 2nd period - Vladislav Kolyachonok is hit by Lane Pederson and loses puck.
1:17 of 2nd period - Snap shot by Drake Caggiula.
1:17 of 2nd period - Shot Misses the Net.
1:31 of 2nd period - Cam Dineen is hit by Milos Kelemen and loses puck.
2:41 of 2nd period - Penalty to Dino Kambeitz is over, Dino Kambeitz is back on ice.
2:44 of 2nd period - Snap shot by Milos Kelemen.
2:44 of 2nd period - Shot Blocked by Xavier Bourgault.
2:50 of 2nd period - Dino Kambeitz is hit by Markus Niemelainen and loses puck.
4:23 of 2nd period - Icing by Markus Niemelainen.
4:24 of 2nd period - Greg McKegg wins face-off versus Nathan Smith in Bakersfield Condors zone.
4:41 of 2nd period - Lane Pederson is hit by Curtis Douglas and loses puck.
5:24 of 2nd period - Drake Caggiula is hit by Curtis Douglas and loses puck.
5:45 of 2nd period - Off-side.
5:46 of 2nd period - Noah Philp wins face-off versus Ben McCartney in neutral zone.
5:49 of 2nd period - Snap shot by James Hamblin.
5:49 of 2nd period - Stopped by Matthew Villalta with a rebound.
5:51 of 2nd period - Wrist shot by Noah Philp.
5:51 of 2nd period - Goal by Noah Philp - Tucson Roadrunners : 0 - Bakersfield Condors : 1.
5:52 of 2nd period - Nathan Smith wins face-off versus Xavier Bourgault in neutral zone.
6:23 of 2nd period - Snap shot by Drake Caggiula.
6:23 of 2nd period - Goal by Drake Caggiula - Tucson Roadrunners : 0 - Bakersfield Condors : 2.
6:24 of 2nd period - Xavier Bourgault wins face-off versus Nathan Smith in neutral zone.
8:08 of 2nd period - Josh Doan is hit by Markus Niemelainen and loses puck.
10:23 of 2nd period - Snap shot by Lane Pederson.
10:23 of 2nd period - Stopped by Matthew Villalta without a rebound.
10:24 of 2nd period - Josh Doan wins face-off versus Greg McKegg in Tucson Roadrunners zone.
10:47 of 2nd period - Curtis Douglas is hit by James Hamblin and loses puck.
10:52 of 2nd period - Snap shot by James Hamblin.
10:52 of 2nd period - Shot Blocked by Cameron Crotty.
10:54 of 2nd period - Slapshot by Kyle Mayhew.
10:54 of 2nd period - Stopped by Matthew Villalta without a rebound.
10:55 of 2nd period - Xavier Bourgault wins face-off versus Milos Kelemen in Tucson Roadrunners zone.
11:22 of 2nd period - Milos Kelemen is hit by Noah Philp and loses puck.
11:29 of 2nd period - Wrist shot by Justin Kirkland.
11:29 of 2nd period - Stopped by Olivier Rodrigue without a rebound.
11:30 of 2nd period - Nathan Smith wins face-off versus Drake Caggiula in Bakersfield Condors zone.
11:33 of 2nd period - Slapshot by Michael Kesselring.
11:33 of 2nd period - Stopped by Olivier Rodrigue with a rebound.
11:38 of 2nd period - Minor Penalty to Lane Pederson for Slashing.
11:39 of 2nd period - Michael Carcone wins face-off versus Raphael Lavoie in Bakersfield Condors zone.
11:39 of 2nd period - Snap shot by John Leonard.
11:39 of 2nd period - Goal by John Leonard - Tucson Roadrunners : 1 - Bakersfield Condors : 2.
11:40 of 2nd period - Nathan Smith wins face-off versus Ty Tullio in neutral zone.
11:43 of 2nd period - Kyle Mayhew is hit by Michael Carcone.
11:55 of 2nd period - Wrist shot by Lane Pederson.
11:55 of 2nd period - Stopped by Matthew Villalta with a rebound.
12:04 of 2nd period - Icing by Michael Carcone.
12:05 of 2nd period - Milos Kelemen wins face-off versus Greg McKegg in Tucson Roadrunners zone.
12:30 of 2nd period - Michael Kesselring is hit by James Hamblin and loses puck.
12:35 of 2nd period - Wrist shot by James Hamblin.
12:35 of 2nd period - Goal by James Hamblin - Tucson Roadrunners : 1 - Bakersfield Condors : 3.
12:36 of 2nd period - Nathan Smith wins face-off versus Xavier Bourgault in neutral zone.
12:43 of 2nd period - Slapshot by Nathan Smith.
12:43 of 2nd period - Stopped by Olivier Rodrigue without a rebound.
12:44 of 2nd period - Nathan Smith wins face-off versus Xavier Bourgault in Bakersfield Condors zone.
12:48 of 2nd period - Slapshot by Michael Kesselring.
12:48 of 2nd period - Stopped by Olivier Rodrigue with a rebound.
12:50 of 2nd period - Slapshot by Nathan Smith.
12:50 of 2nd period - Deflect By Sakari Manninen.
12:50 of 2nd period - Goal by Sakari Manninen - Tucson Roadrunners : 2 - Bakersfield Condors : 3.
12:51 of 2nd period - Nathan Smith wins face-off versus Ty Tullio in neutral zone.
13:04 of 2nd period - Snap shot by Michael Carcone.
13:04 of 2nd period - Shot Blocked by Kyle Mayhew.
13:06 of 2nd period - Slapshot by Vladislav Kolyachonok.
13:06 of 2nd period - Shot Misses the Net.
13:21 of 2nd period - John Leonard is hit by Philip Kemp and loses puck.
13:40 of 2nd period - Milos Kelemen is hit by Raphael Lavoie.
13:46 of 2nd period - Snap shot by Justin Kirkland.
13:46 of 2nd period - Deflect By Dino Kambeitz.
13:46 of 2nd period - Stopped by Olivier Rodrigue with a rebound.
13:48 of 2nd period - Snap shot by Milos Kelemen.
13:48 of 2nd period - Deflect By Drake Caggiula.
13:48 of 2nd period - Shot Misses the Net.
13:48 of 2nd period - Puck is out of play.
13:49 of 2nd period - Nathan Smith wins face-off versus James Hamblin in Bakersfield Condors zone.
13:55 of 2nd period - Off-side.
13:56 of 2nd period - Sakari Manninen wins face-off versus Noah Philp in neutral zone.
14:03 of 2nd period - Snap shot by James Hamblin.
14:03 of 2nd period - Stopped by Matthew Villalta with a rebound.
14:05 of 2nd period - Slapshot by James Hamblin.
14:05 of 2nd period - Stopped by Matthew Villalta without a rebound.
14:06 of 2nd period - Nathan Smith wins face-off versus Xavier Bourgault in Tucson Roadrunners zone.
14:06 of 2nd period - Nathan Smith is hit by Xavier Bourgault.
14:34 of 2nd period - Backhand shot by Raphael Lavoie.
14:34 of 2nd period - Stopped by Matthew Villalta without a rebound.
14:35 of 2nd period - Justin Kirkland wins face-off versus Greg McKegg in Tucson Roadrunners zone.
14:50 of 2nd period - Wrist shot by Raphael Lavoie.
14:50 of 2nd period - Stopped by Matthew Villalta without a rebound.
14:51 of 2nd period - Nathan Smith wins face-off versus Xavier Bourgault in Tucson Roadrunners zone.
14:51 of 2nd period - Nathan Smith is hit by Lane Pederson.
15:07 of 2nd period - Sakari Manninen is hit by Lane Pederson and loses puck.
15:18 of 2nd period - Justin Kirkland is hit by Greg McKegg and loses puck.
15:41 of 2nd period - Icing by Noah Philp.
15:42 of 2nd period - Curtis Douglas wins face-off versus Noah Philp in Bakersfield Condors zone.
16:49 of 2nd period - Wrist shot by Sakari Manninen.
16:49 of 2nd period - Stopped by Olivier Rodrigue without a rebound.
16:50 of 2nd period - Nathan Smith wins face-off versus Xavier Bourgault in Bakersfield Condors zone.
16:59 of 2nd period - Snap shot by Michael Carcone.
16:59 of 2nd period - Stopped by Olivier Rodrigue without a rebound.
17:00 of 2nd period - Ty Tullio wins face-off versus Nathan Smith in Bakersfield Condors zone.
17:07 of 2nd period - Icing by Sakari Manninen.
17:08 of 2nd period - Drake Caggiula wins face-off versus Nathan Smith in Tucson Roadrunners zone.
17:35 of 2nd period - Snap shot by Justin Kirkland.
17:35 of 2nd period - Shot Blocked by Markus Niemelainen.
17:39 of 2nd period - Slapshot by Justin Kirkland.
17:39 of 2nd period - Shot Misses the Net.
17:41 of 2nd period - Snap shot by Justin Kirkland.
17:41 of 2nd period - Shot Misses the Net.
17:43 of 2nd period - Wrist shot by Milos Kelemen.
17:43 of 2nd period - Deflect By Dino Kambeitz.
17:43 of 2nd period - Shot Misses the Net.
17:43 of 2nd period - Puck is out of play.
17:44 of 2nd period - Nathan Smith wins face-off versus Greg McKegg in Bakersfield Condors zone.
17:51 of 2nd period - Slapshot by Nathan Smith.
17:51 of 2nd period - Stopped by Olivier Rodrigue with a rebound.
17:56 of 2nd period - Off-side.
17:57 of 2nd period - Greg McKegg wins face-off versus Michael Carcone in neutral zone.
18:23 of 2nd period - Milos Kelemen is hit by Xavier Bourgault and loses puck.
18:55 of 2nd period - Snap shot by Josh Doan.
18:55 of 2nd period - Shot Blocked by Kyle Mayhew.
19:47 of 2nd period - Slapshot by Cam Dineen.
19:47 of 2nd period - Shot Misses the Net.
Goals for this period are 2 for Tucson Roadrunners vs 3 for Bakersfield Condors.
Shots for this period are 10 for Tucson Roadrunners vs 11 for Bakersfield Condors.

3rd period


0:01 of 3rd period - Xavier Bourgault wins face-off versus Nathan Smith in neutral zone.
0:08 of 3rd period - Snap shot by Lane Pederson.
0:08 of 3rd period - Stopped by Matthew Villalta with a rebound.
0:10 of 3rd period - Snap shot by Lane Pederson.
0:10 of 3rd period - Stopped by Matthew Villalta with a rebound.
0:12 of 3rd period - Wrist shot by Ty Tullio.
0:12 of 3rd period - Stopped by Matthew Villalta with a rebound.
0:14 of 3rd period - Wrist shot by Philip Kemp.
0:14 of 3rd period - Stopped by Matthew Villalta without a rebound.
0:15 of 3rd period - Justin Kirkland wins face-off versus Drake Caggiula in Tucson Roadrunners zone.
0:40 of 3rd period - Sakari Manninen is hit by Xavier Bourgault and loses puck.
0:51 of 3rd period - Minor Penalty to Michael Carcone for Holding.
0:52 of 3rd period - Nathan Smith wins face-off versus Noah Philp in Tucson Roadrunners zone.
1:33 of 3rd period - Snap shot by Curtis Douglas.
1:33 of 3rd period - Shot Blocked by Philip Kemp.
1:43 of 3rd period - Greg McKegg is hit by Steven Kampfer and loses puck.
2:32 of 3rd period - James Hamblin is hit by Michael Kesselring and loses puck.
2:51 of 3rd period - Penalty to Michael Carcone is over, Michael Carcone is back on ice.
3:09 of 3rd period - Slapshot by Michael Carcone.
3:09 of 3rd period - Stopped by Olivier Rodrigue with a rebound.
4:04 of 3rd period - Sakari Manninen is hit by Ben Gleason.
4:19 of 3rd period - Off-side.
4:20 of 3rd period - Xavier Bourgault wins face-off versus Curtis Douglas in neutral zone.
5:35 of 3rd period - Sakari Manninen is hit by Markus Niemelainen and loses puck.
9:20 of 3rd period - Icing by Montana Onyebuchi.
9:21 of 3rd period - Xavier Bourgault wins face-off versus Nathan Smith in Tucson Roadrunners zone.
9:48 of 3rd period - Snap shot by Justin Kirkland.
9:48 of 3rd period - Shot Misses the Net.
10:02 of 3rd period - James Hamblin is hit by Curtis Douglas and loses puck.
10:27 of 3rd period - Raphael Lavoie is hit by John Leonard and loses puck.
11:48 of 3rd period - Minor Penalty to Raphael Lavoie for Holding.
11:49 of 3rd period - James Hamblin wins face-off versus Nathan Smith in Bakersfield Condors zone.
11:53 of 3rd period - Slapshot by Markus Niemelainen.
11:53 of 3rd period - Deflect By James Hamblin.
11:53 of 3rd period - Stopped by Matthew Villalta with a rebound.
12:42 of 3rd period - Minor Penalty to Milos Kelemen for Cross-checking.
12:43 of 3rd period - Noah Philp wins face-off versus Nathan Smith in Tucson Roadrunners zone.
12:46 of 3rd period - Snap shot by Noah Philp.
12:46 of 3rd period - Stopped by Matthew Villalta with a rebound.
12:51 of 3rd period - Off-side.
12:52 of 3rd period - Nathan Smith wins face-off versus Noah Philp in neutral zone.
13:22 of 3rd period - Slapshot by Nathan Smith.
13:22 of 3rd period - Shot Misses the Net.
13:24 of 3rd period - Wrist shot by Nathan Smith.
13:24 of 3rd period - Stopped by Olivier Rodrigue with a rebound.
13:26 of 3rd period - Wrist shot by Michael Carcone.
13:26 of 3rd period - Shot Blocked by Noah Philp.
13:30 of 3rd period - Snap shot by Nathan Smith.
13:30 of 3rd period - Shot Misses the Net.
13:32 of 3rd period - Slapshot by Vladislav Kolyachonok.
13:32 of 3rd period - Stopped by Olivier Rodrigue without a rebound.
13:33 of 3rd period - Nathan Smith wins face-off versus Noah Philp in Bakersfield Condors zone.
13:42 of 3rd period - Slapshot by Cam Dineen.
13:42 of 3rd period - Shot Blocked by Steven Kampfer.
13:44 of 3rd period - Wrist shot by Carter Savoie.
13:44 of 3rd period - Shot Misses the Net.
13:46 of 3rd period - Slapshot by Philip Kemp.
13:46 of 3rd period - Stopped by Matthew Villalta without a rebound.
13:47 of 3rd period - John Leonard wins face-off versus Carter Savoie in Tucson Roadrunners zone.
13:47 of 3rd period - John Leonard is hit by James Hamblin.
13:48 of 3rd period - Penalty to Raphael Lavoie is over, Raphael Lavoie is back on ice.
14:09 of 3rd period - Slapshot by John Leonard.
14:09 of 3rd period - Stopped by Olivier Rodrigue with a rebound.
14:27 of 3rd period - Slapshot by Ben Gleason.
14:27 of 3rd period - Goal by Ben Gleason - Tucson Roadrunners : 2 - Bakersfield Condors : 4.
14:28 of 3rd period - Dino Kambeitz wins face-off versus Xavier Bourgault in neutral zone.
14:59 of 3rd period - Wrist shot by Nathan Smith.
14:59 of 3rd period - Stopped by Olivier Rodrigue with a rebound.
15:02 of 3rd period - Icing by Markus Niemelainen.
15:03 of 3rd period - Nathan Smith wins face-off versus Greg McKegg in Bakersfield Condors zone.
15:08 of 3rd period - Slapshot by Michael Kesselring.
15:08 of 3rd period - Shot Blocked by Kyle Mayhew.
15:20 of 3rd period - Slapshot by Markus Niemelainen.
15:20 of 3rd period - Shot Misses the Net.
15:22 of 3rd period - Snap shot by Greg McKegg.
15:22 of 3rd period - Deflect By Raphael Lavoie.
15:22 of 3rd period - Shot Misses the Net.
15:22 of 3rd period - Puck is out of play.
15:23 of 3rd period - Xavier Bourgault wins face-off versus Justin Kirkland in Tucson Roadrunners zone.
15:24 of 3rd period - Slapshot by Lane Pederson.
15:24 of 3rd period - Stopped by Matthew Villalta without a rebound.
15:25 of 3rd period - Xavier Bourgault wins face-off versus Justin Kirkland in Tucson Roadrunners zone.
15:26 of 3rd period - Wrist shot by Lane Pederson.
15:26 of 3rd period - Shot Blocked by Cameron Crotty.
15:28 of 3rd period - Snap shot by Ty Tullio.
15:28 of 3rd period - Goal by Ty Tullio - Tucson Roadrunners : 2 - Bakersfield Condors : 5.
15:29 of 3rd period - Nathan Smith wins face-off versus Xavier Bourgault in neutral zone.
15:34 of 3rd period - Snap shot by Vladislav Kolyachonok.
15:34 of 3rd period - Shot Blocked by Xavier Bourgault.
15:36 of 3rd period - Wrist shot by Nathan Smith.
15:36 of 3rd period - Shot Misses the Net.
15:42 of 3rd period - Snap shot by Michael Carcone.
15:42 of 3rd period - Shot Blocked by Kyle Mayhew.
15:50 of 3rd period - Minor Penalty to Markus Niemelainen for Holding.
15:51 of 3rd period - Nathan Smith wins face-off versus Raphael Lavoie in Bakersfield Condors zone.
15:56 of 3rd period - Snap shot by Michael Carcone.
15:56 of 3rd period - Shot Misses the Net.
16:25 of 3rd period - Slapshot by Vladislav Kolyachonok.
16:25 of 3rd period - Stopped by Olivier Rodrigue with a rebound.
16:44 of 3rd period - Snap shot by Drake Caggiula.
16:44 of 3rd period - Deflect By James Hamblin.
16:44 of 3rd period - Shot Blocked by Steven Kampfer.
16:44 of 3rd period - Puck is out of play.
16:45 of 3rd period - Justin Kirkland wins face-off versus Raphael Lavoie in Tucson Roadrunners zone.
17:50 of 3rd period - Penalty to Markus Niemelainen is over, Markus Niemelainen is back on ice.
18:33 of 3rd period - Wrist shot by Curtis Douglas.
18:33 of 3rd period - Shot Misses the Net.
18:38 of 3rd period - Off-side.
18:39 of 3rd period - Justin Kirkland wins face-off versus Xavier Bourgault in neutral zone.
19:00 of 3rd period - Wrist shot by Michael Carcone.
19:00 of 3rd period - Stopped by Olivier Rodrigue with a rebound.
19:02 of 3rd period - Slapshot by Vladislav Kolyachonok.
19:02 of 3rd period - Shot Blocked by Ben Gleason.
19:08 of 3rd period - Slapshot by James Hamblin.
19:08 of 3rd period - Shot Blocked by Nathan Smith.
19:31 of 3rd period - Icing by Philip Kemp.
19:32 of 3rd period - Justin Kirkland wins face-off versus Greg McKegg in Bakersfield Condors zone.
19:33 of 3rd period - Wrist shot by Milos Kelemen.
19:33 of 3rd period - Shot Misses the Net.
19:55 of 3rd period - Slapshot by Cam Dineen.
19:55 of 3rd period - Stopped by Matthew Villalta with a rebound.
19:57 of 3rd period - Slapshot by Raphael Lavoie.
19:57 of 3rd period - Shot Blocked by Cameron Crotty.
19:59 of 3rd period - Snap shot by Drake Caggiula.
19:59 of 3rd period - Stopped by Matthew Villalta with a rebound.
Goals for this period are 0 for Tucson Roadrunners vs 2 for Bakersfield Condors.
Shots for this period are 7 for Tucson Roadrunners vs 12 for Bakersfield Condors.